 Dungeon Crawl Stone Soup version 0.26.1-11-gd32895ea62 (webtiles) character file.

Game seed: 10730504077043125103

18104 Almogavar the Impaler (level 12, -4/95 HPs)
             Began as a Merfolk Gladiator on Apr 16, 2021.
             Was a High Priest of Okawaru.
             Hit by a javelin thrown by a minotaur (25 damage)
             ... in a Gauntlet.
             The game lasted 00:40:22 (12430 turns).

Almogavar the Impaler (Merfolk Gladiator)          Turns: 12430, Time: 00:40:22

Health: -4/95      AC: 26    Str: 18    XL:     12   Next: 55%
Magic:  12/12      EV: 33    Int: 16    God:    Okawaru [*****.]
Gold:   720        SH:  0    Dex: 22    Spells: 11/11 levels left

rFire    . . .     SeeInvis .   a - +5 scythe (protect)
rCold    x . .     Faith    .   (shield currently unavailable)
rNeg     + . .     Spirit   .   s - +5 ring mail of Lot Cafi {+Blink rElec rC- Int+3}
rPois    +         Reflect  .   c - +0 helmet
rElec    +         Harm     .   y - +2 cloak of Perfidy {-Tele Regen+ Str+2 Dex+3}
rCorr    .         Rampage  .   m - +0 pair of gloves
Will     .....     Rnd*Rage +   S - +1 pair of boots {Stlth+} Stlth ++++......NoTele +
                                h - amulet of the acrobat
HPRegen  0.65/turn              Q - +6 ring of intelligence
MPRegen  0.13/turn              V - ring of Qovavax {rPois rN+}

@: protection aura, acrobat
A: change form in water, swift swim, stealthy swim, berserk 1
a: Renounce Religion, Evoke Blink, Heroism, Finesse


You were in a Gauntlet.
You worshipped Okawaru.
Okawaru was extremely pleased with you.
You visited 2 branches of the dungeon, and saw 14 of its levels.
You also visited: Gauntlet.

You collected 720 gold pieces.

Inventory:

Hand Weapons
 a - a +5 scythe of protection (weapon)
 O - a +2 trident of protection
Missiles
 d - a throwing net
 f - 16 boomerangs
 w - 79 poisoned darts (quivered)
 C - 10 javelins
 H - 8 silver boomerangs
 L - 7 boomerangs of dispersal
Armour
 c - a +0 helmet (worn)
 g - a +0 chain mail
 m - a +0 pair of gloves (worn)
 s - the +5 ring mail of Lot Cafi (worn) {+Blink rElec rC- Int+3}
   (You found it on level 4 of the Dungeon)

   It affects your intelligence (+3).
   It makes you vulnerable to cold.
   It insulates you from electricity.
   It lets you blink.
 t - a +0 ring mail of cold resistance
 y - the +2 cloak of Perfidy (worn) {-Tele Regen+ Str+2 Dex+3}
   (Okawaru gifted it to you on level 9 of the Dungeon)

   It affects your strength (+2).
   It affects your dexterity (+3).
   It prevents most forms of teleportation.
   It increases your rate of regeneration.
 E - a +0 kite shield
 G - a +0 cloak
 S - a +1 pair of boots of stealth (worn)
Jewellery
 h - an amulet of the acrobat (around neck)
 l - an uncursed ring of see invisible
 F - an uncursed ring of wizardry
 Q - a +6 ring of intelligence (left hand)
 T - an uncursed ring of poison resistance
 V - the ring of Qovavax (right hand) {rPois rN+}
   (You found it in a Gauntlet)

   [ring of positive energy]

   It protects you from poison.
   It protects you from negative energy.
Wands
 b - a wand of digging (5)
 N - a wand of iceblast (7)
 R - a wand of acid (5)
Scrolls
 e - 9 scrolls of teleportation
 i - 9 scrolls of remove curse
 k - a scroll of immolation {unknown}
 o - 4 scrolls of fog
 v - a scroll of fear {unknown}
 A - 3 scrolls of blinking
 B - a scroll of noise {unknown}
 D - 3 scrolls of enchant armour {unknown}
 K - a scroll of magic mapping {unknown}
 P - a scroll of amnesia
Potions
 j - 3 potions of heal wounds
 n - 3 potions of flight
 p - 2 potions of cancellation
 q - a potion of magic
 r - 12 potions of curing
 u - a potion of might {unknown}
 x - 3 potions of attraction {unknown}
 z - 2 potions of invisibility {unknown}
 I - 3 potions of brilliance {unknown}
 M - 2 potions of haste
Miscellaneous
 J - a lightning rod (4/4)
 U - a phantom mirror


   Skills:
 + Level 9.1 Fighting
 + Level 18.9 Polearms
 + Level 6.7 Throwing
 + Level 4.9 Armour
 + Level 8.4 Dodging
 + Level 6.3 Stealth
 + Level 0.8 Invocations


You had 11 spell levels left.
You didn't know any spells.
Your spell library contained the following spells:

 Spells                   Type           Power        Failure   Level
 Ensorcelled Hibernation  Hex/Ice        0%           54%         2
 Cause Fear               Hex            0%           99%         4
 Starburst                Conj/Fire      0%           100%        6


Dungeon Overview and Level Annotations

Branches:
Dungeon (13/15)            Temple (0/1) D:4            Lair (1/6) D:8
    Orc (0/2) D:11        Gauntlet (1/1)
 Vaults: D:13-14

Altars:
Cheibriados
Elyvilon
Fedhas
Gozag
Okawaru
Qazlal
Ru
Uskayaw
Wu Jian
Zin
The Shining One

Shops:
D:10 :

Annotations:
Gauntlet 6 transporters


Innate Abilities, Weirdness & Mutations

You revert to your normal form in water.
You are very nimble and swift while swimming.
You are very stealthy in the water. (Stealth+)
You tend to lose your temper in combat.


Message History

The minotaur gores you but does no damage.
You slash the minotaur!
The minotaur is heavily wounded.
You closely miss the minotaur.
The minotaur furiously retaliates!
The minotaur headbutts you, but does no damage.
The minotaur is heavily wounded.
The minotaur hits you with a +2 executioner's axe of electrocution!!
* * * LOW HITPOINT WARNING * * *
The minotaur gores you but does no damage.
You feel much better. The minotaur closely misses you.
The minotaur gores you but does no damage.
You completely miss the minotaur.
The minotaur is heavily wounded.
You hit the minotaur but do no damage.
The minotaur is heavily wounded.
The minotaur hits you with a +2 executioner's axe of electrocution!
* * * LOW HITPOINT WARNING * * *
The minotaur misses you.
The minotaur throws a javelin.
The javelin pierces through you!!
You die...

##### #8∩8# #/.}#
#8H8# ####:.|####
###8.#8@8#.8###
#....#...#....#
#.#..#8.8#..#.#
#.#..##(##..#.#
#.............#
#.#.##.#.##.#.#
#.#....#....#.#
###.#.#######.#.###
#≈...............≈#


You could see a minotaur (very poisoned).

Vanquished Creatures
  Erolcha (D:11)
  A centaur warrior (D:13)
  6 two-headed ogres
  Urug (D:11)
  An orange crystal statue (Gauntlet)
  An ugly thing (D:13)
  A shining eye (Gauntlet)
  A cyclops (D:11)
  Psyche (D:11)
  A komodo dragon (D:8)
  3 trolls
  2 raiju (Gauntlet)
  A wyvern (D:9)
  A shadow (D:11)
  2 wraiths (D:11)
  Sigmund (D:3)
  7 yaks
  A golden eye (Gauntlet)
  Edmund (D:4)
  A water moccasin (D:9)
  7 orc warriors
  3 sky beasts
  3 ice beasts
  7 phantoms
  6 ogres
  2 black bears
  5 necrophages
  An eye of draining (D:8)
  10 centaurs
  7 bullfrogs
  2 scorpions
  A wyvern skeleton (D:7)
  A water moccasin skeleton (D:11)
  11 killer bees
  4 wights
  A howler monkey (D:9)
  2 bullfrog zombies (D:11)
  2 bullfrog skeletons
  5 hounds
  4 jellies
  5 orc priests
  Crazy Yiuf (D:6)
  6 centaur skeletons
  9 orc wizards
  3 iguanas
  Ijyb (D:4)
  13 worker ants
  A lightning spire (Gauntlet)
  2 hound zombies
  6 adders
  2 shadow imps
  4 white imps
  5 ufetubi
  An ooze (D:3)
  4 adder zombies
  2 worms
  5 dart slugs
  4 leopard geckos
  45 orcs
  5 giant cockroaches
  3 hobgoblins
  10 jackals
  4 quokkas
  A ball python (D:4)
  7 bats
  4 frilled lizards
  9 goblins
  8 kobolds
  3 leopard gecko skeletons
  A quokka skeleton (D:8)
  7 rats
  A bush (D:11)
301 creatures vanquished.

Vanquished Creatures (others)
  15 plants
15 creatures vanquished.

Grand Total: 316 creatures vanquished

Notes
Turn   | Place    | Note
-------+----------+-------------------------------------------
     0 | D:1      | Almogavar the Merfolk Gladiator began the quest for the
                  | Orb.
     0 | D:1      | Reached XP level 1. HP: 16/16 MP: 1/1
   235 | D:1      | Reached XP level 2. HP: 22/23 MP: 2/2
   704 | D:2      | Reached skill level 5 in Polearms
   803 | D:2      | Reached XP level 3. HP: 28/28 MP: 3/3
  1508 | D:3      | Reached skill level 1 in Stealth
  1509 | D:3      | Found an iron altar of Okawaru.
  1541 | D:3      | Became a worshipper of Warmaster Okawaru
  1578 | D:3      | Reached XP level 4. HP: 34/34 MP: 4/4
  2255 | D:4      | Got a jasper-encrusted ring mail
  2266 | D:4      | Identified the +5 ring mail of Lot Cafi {+Blink rElec rC-
                  | Int+3} (You found it on level 4 of the Dungeon)
  2290 | D:4      | Reached skill level 6 in Polearms
  2290 | D:4      | Reached XP level 5. HP: 41/41 MP: 5/5
  2309 | D:4      | Noticed Ijyb
  2327 | D:4      | Killed Ijyb
  2392 | D:4      | Found a snail-covered altar of Cheibriados.
  2401 | D:4      | Noticed Sigmund
  2741 | D:3      | Killed Sigmund
  2742 | D:3      | Reached skill level 7 in Polearms
  2742 | D:3      | Reached skill level 1 in Armour
  2742 | D:3      | Reached skill level 5 in Dodging
  2742 | D:3      | Reached XP level 6. HP: 28/47 MP: 6/6
  2962 | D:4      | Found a sacrificial altar of Ru.
  2973 | D:4      | Reached * piety under Okawaru
  2974 | D:4      | Reached skill level 8 in Polearms
  3095 | D:4      | Found a hide-covered altar of Uskayaw.
  3105 | D:4      | Noticed Edmund
  3111 | D:4      | Killed Edmund
  3112 | D:4      | Reached XP level 7. HP: 45/53 MP: 7/7
  3239 | D:4      | Reached skill level 9 in Polearms
  3396 | D:4      | Found a staircase to the Ecumenical Temple.
  3871 | D:5      | Entered Level 5 of the Dungeon
  3889 | D:5      | Reached XP level 8. HP: 52/61 MP: 8/8
  4071 | D:5      | Found an opulent altar of Gozag.
  4135 | D:5      | Reached skill level 10 in Polearms
  4687 | D:5      | Reached ** piety under Okawaru
  4963 | D:6      | Reached skill level 11 in Polearms
  5082 | D:6      | Reached skill level 5 in Fighting
  5128 | D:6      | Identified Sif Muna's Reference Book on the Fetching
                  | Arsonist
  5698 | D:6      | Found a runed translucent door.
  5699 | D:6      | Noticed Crazy Yiuf
  5705 | D:6      | Killed Crazy Yiuf
  5802 | D:7      | Reached XP level 9. HP: 43/68 MP: 9/9
  5942 | D:7      | Reached skill level 12 in Polearms
  6465 | D:7      | Reached *** piety under Okawaru
  6666 | D:7      | Reached skill level 13 in Polearms
  6899 | D:7      | Found a hide-covered altar of Uskayaw.
  6920 | D:7      | Reached skill level 5 in Stealth
  7514 | D:8      | Found a stormy altar of Qazlal.
  7514 | D:8      | Noticed a two-headed ogre
  7519 | D:8      | Killed a two-headed ogre
  7519 | D:8      | Reached **** piety under Okawaru
  7520 | D:8      | Reached skill level 14 in Polearms
  7520 | D:8      | Reached XP level 10. HP: 41/77 MP: 7/10
  7521 | D:8      | Found a blossoming altar of Fedhas.
  8093 | D:8      | Found an ornate altar of the Wu Jian Council.
  8302 | D:8      | Noticed a two-headed ogre
  8313 | D:8      | Killed a two-headed ogre
  8313 | D:8      | Reached ***** piety under Okawaru
  8497 | D:8      | Found a staircase to the Lair.
  8762 | D:9      | Reached skill level 15 in Polearms
  8766 | D:9      | Reached skill level 5 in Throwing
  8946 | D:9      | Received a gift from Okawaru
  8970 | D:8      | Reached XP level 11. HP: 52/84 MP: 11/11
  9217 | D:9      | Got a bloodstained cloak {god gift}
  9228 | D:9      | Identified the +2 cloak of Perfidy {-Tele Regen+ Str+2
                  | Dex+3} (Okawaru gifted it to you on level 9 of the Dungeon)
  9346 | D:9      | Found a glowing silver altar of Zin.
  9347 | D:9      | Found a white marble altar of Elyvilon.
  9348 | D:9      | Found a glowing golden altar of the Shining One.
  9774 | D:10     | Entered Level 10 of the Dungeon
  9827 | D:10     | You fall into a shaft and drop 3 floors!
  9827 | D:13     | Noticed a red ugly thing
  9842 | D:13     | Killed a red ugly thing
  9843 | D:13     | Reached skill level 16 in Polearms
  9933 | D:13     | Noticed a deep elf archer
  9933 | D:13     | Noticed a deep elf demonologist
  9936 | D:13     | Noticed a centaur warrior
  9948 | D:13     | Killed a centaur warrior
 10060 | D:10     | Noticed a two-headed ogre
 10090 | D:10     | Killed a two-headed ogre
 10178 | D:10     | Found Fupt's Book Shoppe.
 10179 | D:10     | Noticed a two-headed ogre
 10190 | D:10     | Killed a two-headed ogre
 10223 | D:10     | Noticed a two-headed ogre
 10237 | D:10     | Killed a two-headed ogre
 10237 | D:10     | Received a gift from Okawaru
 10238 | D:10     | Reached skill level 17 in Polearms
 10973 | D:11     | Noticed Urug
 10992 | D:11     | Killed Urug
 10992 | D:11     | Received a gift from Okawaru
 11026 | D:11     | Noticed Psyche
 11036 | D:11     | Killed Psyche
 11037 | D:11     | Reached XP level 12. HP: 94/94 MP: 12/12
 11186 | D:11     | Reached skill level 18 in Polearms
 11258 | D:11     | Noticed Erolcha
 11267 | D:11     | Killed Erolcha
 11486 | D:11     | Found a staircase to the Orcish Mines.
 11580 | D:11     | Noticed a two-headed ogre
 11591 | D:11     | Killed a two-headed ogre
 11686 | D:11     | Found a blossoming altar of Fedhas.
 11922 | D:11     | Received a gift from Okawaru
 12025 | Lair:1   | Entered Level 1 of the Lair of Beasts
 12025 | Lair:1   | Found a gate leading to a gauntlet.
 12031 | Gauntlet | Entered a Gauntlet
 12031 | Gauntlet | Found a transporter.
 12031 | Gauntlet | Found a transporter.
 12032 | Gauntlet | Found a transporter.
 12035 | Gauntlet | Found a transporter.
 12035 | Gauntlet | Found a transporter.
 12035 | Gauntlet | Found a transporter.
 12054 | Gauntlet | Found a transporter.
 12056 | Gauntlet | Found a transporter.
 12077 | Gauntlet | Found a transporter.
 12176 | Gauntlet | Found a transporter.
 12180 | Gauntlet | Found a transporter.
 12196 | Gauntlet | Found a transporter.
 12285 | Gauntlet | Gained mutation: You tend to lose your temper in combat. [a
                  | shining eye]
 12374 | Gauntlet | Got a pitted wooden ring
 12381 | Gauntlet | Identified the ring of Qovavax {rPois rN+} (You found it in
                  | a Gauntlet)
 12408 | Gauntlet | Identified the +3 fire dragon scales of Xaely {+Fly rF++
                  | rC- rN+}
 12408 | Gauntlet | Noticed a minotaur
 12430 | Gauntlet | Hit by a javelin thrown by a minotaur

Illustrated notes

Levels and vault maps discovered:
D:1:      scummos_arrival_hexagon, layout_loops_ring,
          corexii_item_surrounded_by_moat
D:2:      layout_loops_ring
D:3:      layout_loops_ring, okawaru_metal_pillars_1_2,
          wander_ebering_terrifying_dragon_lair
D:4:      kennysheep_big_flooded_room, layout_basic, lemuel_round_altar,
          lemuel_doored_altar, minmay_temple_entry_enclosed_plants,
          eino_small_chamber_without_monster,
          nicolae_ru_great_annihilating_truth, uniq_ijyb, uniq_sigmund,
          uniq_edmund
D:5:      layout_loops_cross, basic_altar
D:6:      layout_loops_ring, uniq_crazy_yiuf_cottage
D:7:      cheibrodos_barr_body, layout_cave_pods, lemuel_centaur_altar
D:8:      layout_basic, grunt_temple_overflow_forces_of_nature,
          david_lair_shrubbed, basic_altar, kennysheep_big_empty_room,
          minmay_manual_moon
D:9:      layout_long_grid, good_gods_temple_1
D:10:     layout_long_grid, serial_shops, shop
D:11:     layout_basic, david_orc_4, kennysheep_another_room,
          fedhas_altar_decomposition, uniq_urug, uniq_erolcha, uniq_psyche
D:12:     layout_basic, basic_altar
D:13:     layout_rooms, david_vaults_2, serial_shops, shop,
          hangedman_decor_points, chequers_serial_rivers_room_b
Lair:1:   layout_misc_corridors, gauntlet_entry_generic
Gauntlet: gammafunk_gauntlet_hard_choice [nicolae_gauntlet_swirl,
          gammafunk_gauntlet_arena_mazey, nicolae_gauntlet_arena_quarters,
          gammafunk_gauntlet_arena_teeth,
          gammafunk_gauntlet_arena_split_diamond,
          gammafunk_gauntlet_arena_chambers,
          nicolae_gauntlet_exit_dead_adventurers]

Skill      XL: |  1  2  3  4  5  6  7  8  9 10 11 12 |
---------------+-------------------------------------+-----
Polearms       | 5 6 7 8 9 11 14 15 17 18 | 18.9
Stealth        | 1 2 3 5 6 |  6.3
Fighting       | 3 4 5 6 7 8 9 |  9.1
Armour         | 1 2 3 4 |  4.9
Dodging        | 5 6 7 8 |  8.4
Throwing       | 3 5 6 |  6.7
Invocations    | |  0.8

Action                   |  1- 3 |  4- 6 |  7- 9 | 10-12 || total
-------------------------+-------+-------+-------+-------++-------
Melee: Trident           |    95 |   123 |       |       ||   218
       Scythe            |       |    27 |   258 |   498 ||   783
Throw: Throwing net      |       |     2 |       |       ||     2
       Dart              |       |     1 |    58 |   125 ||   184
Invok: Heroism           |       |       |     2 |     8 ||    10
Evoke: Wand              |       |       |       |     1 ||     1
  Use: Scroll            |     4 |     2 |    12 |       ||    18
       Potion            |       |     1 |       |     2 ||     3
 Stab: Sleeping          |     5 |     4 |    10 |     8 ||    27
       Distracted        |       |       |     1 |     2 ||     3
Armor: Leather armour    |     7 |       |       |       ||     7
       Ring mail         |    10 |    60 |   105 |   178 ||   353
Dodge: Dodged            |    47 |   131 |   198 |   410 ||   786
